 Dungeon Crawl Stone Soup version 0.30-a0-778-g2ef04afb54 (webtiles) character file.

Game seed: 7488686937781810010

61 Smegmapudding the Trooper (level 3, -2/29 HPs)
             Began as a Demonspawn Fighter on Feb 16, 2023.
             Slain by a gnoll
             ... wielding a +0 spear
              (4 damage)
             ... on level 2 of the Dungeon.
             The game lasted 00:11:24 (1081 turns).

Smegmapudding the Trooper (Demonspawn Fighter)      Turns: 1081, Time: 00:11:25

Health: -2/29      AC:  6    Str: 18    XL:     3   Next: 83%
Magic:  3/3        EV:  9    Int: 15    God:
Gold:   128        SH:  9    Dex: 12    Spells: 2/2 levels left

rFire   . . .      SeeInvis .    a - +0 war axe
rCold   . . .      Faith    .    c - +0 buckler
rNeg    . . .      Spirit   .    b - +0 scale mail
rPois   .          Reflect  +    (no helmet)
rElec   .          Harm     .    (no cloak)
rCorr   .          Rampage  .    (no gloves)
Will    .....                    (no boots) Stlth
                                 e - amulet of reflection
HPRegen 0.24/turn                j - +6 ring of intelligence
MPRegen 0.08/turn                (no ring)

@: no status effects
A: foul stench 1
a: no special abilities


You were on level 2 of the Dungeon.
You visited 1 branch of the dungeon, and saw 2 of its levels.

You collected 128 gold pieces.

Inventory:

Hand Weapons
 a - a +0 war axe (weapon)
Armour
 b - a +0 scale mail (worn)
 c - a +0 buckler (worn)
Jewellery
 e - an amulet of reflection (around neck)
 i - a ring of willpower
 j - a +6 ring of intelligence (left hand)
Wands
 k - a wand of iceblast (3)
Scrolls
 g - a scroll of magic mapping {unknown}
 h - a scroll of teleportation
Potions
 d - a potion of might
 f - a potion of haste
 l - a potion of cancellation {unknown}


   Skills:
 + Level 3.4 Fighting
 * Level 2.6 Axes
 + Level 3.0 Armour
 + Level 0.1 Dodging
 + Level 3.2 Shields


You had 2 spell levels left.
You didn't know any spells.
Your spell library contained the following spells:

 Spells                   Type           Power      Damage    Failure   Level
 Shock                    Conj/Air       0%         1d3       73%         1
 Swiftness                Air            0%         N/A       97%         3
 Airstrike                Air            0%         2d(0-16)  100%        4


Dungeon Overview and Level Annotations

Branches:
Dungeon (2/15)

Altars:


Innate Abilities, Weirdness & Mutations

You may rarely emit foul miasma when damaged in melee.


Message History

The gnoll completely misses you.
You hit the gnoll.
The gnoll is moderately wounded.
You block the gnoll's attack. The gnoll closely misses you.
You slash the gnoll!
You kill the gnoll!
A gnoll comes into view. It is wielding a +0 spear.
The rat bites you.
Things that are here:
a +0 club; a scroll labelled QOINAO LUZUIP; a gnoll corpse You hit the rat.
You kill the rat!
A gnoll comes into view. It is wielding a +0 spear.
You block the gnoll's attack. The gnoll closely misses you.
The gnoll hits you with a +0 spear.
You see here a rat corpse.
You closely miss the gnoll.
The gnoll hits you from afar with a +0 spear.
You block the gnoll's attack.
The gnoll hits you from afar with a +0 spear.
You block the gnoll's attack.
You barely miss the gnoll. The gnoll hits you but does no damage.
The gnoll hits you with a +0 spear.
You slash the gnoll!
The gnoll is severely wounded.
The gnoll hits you from afar with a +0 spear.
The gnoll hits you with a +0 spear.
The gnoll hits you from afar with a +0 spear.
The gnoll barely misses you.
You hit the gnoll but do no damage.
The gnoll is severely wounded.
The gnoll hits you but does no damage. You block the gnoll's attack.
You hit the gnoll but do no damage.
The gnoll is severely wounded.
The gnoll hits you from afar with a +0 spear.
The gnoll hits you with a +0 spear!
* * * LOW HITPOINT WARNING * * *
You emit a cloud of foul miasma!
The gnoll hits you from afar with a +0 spear.
You die...

#..##.########
#..#
.............#
#..#
.....>######.#
#..# ...####
#.##########..#
#..#
#......†....).#
......
############.##
##.#### #.# .#.
##############.#
#.
......g@)......#
#.
#####g##########
#


You could see 2 gnolls.

Vanquished Creatures
  An adder (D:2)
  A gnoll (D:2)
  A worm (D:2)
  2 ball pythons (D:1)
  An endoplasm (D:1)
  2 giant cockroaches
  5 goblins
  2 hobgoblins (D:1)
  7 jackals
  5 kobolds
  2 quokkas
  A bat (D:2)
  2 frilled lizards
  4 rats
36 creatures vanquished.

Vanquished Creatures (others)
  7 plants (D:2)
  12 withered plants (D:2)
19 creatures vanquished.

Grand Total: 55 creatures vanquished

Notes
Turn   | Place    | Note
-------+----------+-------------------------------------------
     0 | D:1      | Smegmapudding the Demonspawn Fighter began the quest for
                  | the Orb.
     0 | D:1      | Reached XP level 1. HP: 18/18 MP: 1/1
   106 | D:1      | Gained mutation: You may rarely emit foul miasma when
                  | damaged in melee. [demonic ancestry]
   106 | D:1      | Reached XP level 2. HP: 21/24 MP: 2/2
   813 | D:2      | Reached XP level 3. HP: 29/29 MP: 3/3
  1081 | D:2      | Slain by a gnoll

Illustrated notes

Levels and vault maps discovered:
D:1:      tarquinn_simple_flora_water_a, layout_loops_ring, minmay_cut_off
D:2:      layout_loops_ring, shapermc_ecumenical_altar_flowoftime

Skill      XL: |  1  2  3 |
---------------+----------+-----
Axes           | 2 |  2.6
Armour         | 3 |  3.0
Shields        | 3 |  3.2
Fighting       | |  3.4
Dodging        | |  0.1

Action                     || total
---------------------------++-------
  Melee: War axe           ||    99
    Use: Potion            ||     4
         Scroll            ||     1
 Armour: Scale mail        ||    45
  Dodge: Dodged            ||    40
  Block: Buckler           ||    41
         Reflection        ||     1

Table legend: (Time is in decaauts)
 A = Elapsed time spent in this place.
 B = Non-inter-level travel time spent in this place.
 C = Inter-level travel time spent in this place.
 D = Time resting spent in this place.
 E = Time spent auto-exploring this place.
 F = Levels seen in this place.
 G = Mean time per level.
                   A        B        C        D        E       F      G
               +--------+--------+--------+--------+--------+-----+--------+
         Total |   1109 |   1107 |      2 |      0 |    358 |   2 |  554.5 |
       Dungeon |   1109 |   1107 |      2 |      0 |    358 |   2 |  554.5 |
               +--------+--------+--------+--------+--------+-----+--------+

Top non-repeatable levels by time:
     D:1: 785 daAuts
     D:2: 324 daAuts
